 Dungeon Crawl Stone Soup version 0.19.0-2-gae57169 (webtiles) character file.

23265 HungrySpirit the Severer (level 12, -7/175 (177) HPs)
             Began as a Minotaur Berserker on Nov 6, 2016.
             Was a High Priest of Trog.
             Mangled by a tyrant leech (12 damage)
             ... on level 4 of the Lair of Beasts.
             The game lasted 00:19:08 (13932 turns).

HungrySpirit the Severer (Minotaur Berserker)      Turns: 13932, Time: 00:19:09

HP:   -7/175 (177)  AC: 17    Str: 31    XL:     12   Next: 70%
MP:   11/11         EV:  8    Int:  5    God:    Trog [*****.]
Gold: 642           SH:  0    Dex: 10    Spells: 0 memorised, 11 levels left

rFire  . . .     SeeInvis .     B - +1 battleaxe
rCold  . . .     Gourm    +     H - +0 plate armour
rNeg   . . .     Faith    .     (shield currently unavailable)
rPois  +         Spirit   .     U - +2 hat {MR+}
rElec  .         Reflect  .     R - +1 cloak
rCorr  +         Harm     .     k - +0 pair of gloves
MR     +....                    e - +0 pair of boots
Stlth  ..........               A - amulet of the gourmand
                                Y - ring of poison resistance
                                z - ring of resist corrosion

@: berserking (expiring), very quick
A: retaliatory headbutt, horns 2
a: Berserk, Trog's Hand, Brothers in Arms, Burn Spellbooks, Renounce Religion


You were on level 4 of the Lair of Beasts.
You worshipped Trog.
Trog was extremely pleased with you.
You were very full.

You visited 2 branches of the dungeon, and saw 15 of its levels.

You collected 642 gold pieces.

Inventory:

Hand Weapons
 t - a +0 war axe
 B - a +1 battleaxe (weapon)
Armour
 e - a +0 pair of boots (worn)
 k - a +0 pair of gloves (worn)
 H - a +0 plate armour (worn)
 R - a +1 cloak (worn)
 U - a +2 hat of magic resistance (worn)
Jewellery
 w - an uncursed ring of flight
 y - a +3 ring of strength {unknown}
 z - a ring of resist corrosion (left hand)
 A - an amulet of the gourmand (around neck)
 F - an uncursed ring of magical power {unknown}
 M - an uncursed ring of stealth
 Y - a ring of poison resistance (right hand)
Wands
 Q - a wand of acid (4/15)
Scrolls
 g - 2 scrolls of torment
 h - 2 scrolls of teleportation
 l - a scroll of blinking
 m - 8 scrolls of remove curse
 n - 2 scrolls of fear
 q - 2 scrolls of identify
 s - 3 scrolls of noise
 G - a scroll of recharging
 J - 2 scrolls of enchant armour
Potions
 a - 3 potions of haste
 i - 3 potions of flight
 j - a potion of cure mutation
 o - 2 potions of invisibility
 r - 6 potions of might
 u - 6 potions of lignification
 v - a potion of beneficial mutation
 x - 2 potions of agility
 C - 2 potions of berserk rage {unknown}
 E - 4 potions of curing
 L - 3 potions of heal wounds
 T - 2 potions of ambrosia
Comestibles
 b - 3 slices of pizza
 c - 10 bread rations
 d - 9 meat rations
 f - 12 fruits
 p - 6 beef jerkies
 D - 6 chunks of flesh
 P - 20 royal jellies


   Skills:
 + Level 14.5 Fighting
 * Level 19.4 Axes
 - Level 2.4 Armour
 - Level 2.1 Dodging


You had 11 spell levels left.
You didn't know any spells.

Dungeon Overview and Level Annotations

Branches:
Dungeon (11/15)            Temple (0/1) D:6            Lair (4/6) D:9
  Swamp (0/4) Lair:4        Snake (0/4) Lair:3          Orc (0/2) D:11

Altars:
Ashenzari
Cheibriados
Fedhas
Kikubaaqudgha
Makhleb
Qazlal
Sif Muna
Uskayaw
Vehumet
Xom
Zin

Shops:
D:10 %


Innate Abilities, Weirdness & Mutations

You reflexively headbutt those who attack you in melee.
You have a pair of horns on your head.


Message History

Unknown command.
You slash the tyrant leech!
You kill the tyrant leech!
Trog accepts your kill.
You closely miss the tyrant leech.
The tyrant leech bites you but does no damage.
Unknown command.
You miss the tyrant leech. You headbutt the tyrant leech!
The tyrant leech is moderately wounded.
You miss the tyrant leech. You headbutt the tyrant leech.
The tyrant leech is moderately wounded.
You slash the tyrant leech! Your headbutt misses the tyrant leech.
The tyrant leech is heavily wounded.
The tyrant leech bites you but does no damage.
You miss the tyrant leech.
The tyrant leech is heavily wounded.
You hit the tyrant leech.
The tyrant leech is heavily wounded.
The tyrant leech bites you!
You die...

##..... #...... ##..... #
##...... #P#....P.# ♣♣♣
.......P♣♣ §§§♣
#.....w♣≈§§§♣♣
##....@†≈§§§§♣ .##
#....##♣≈≈§≈♣♣.P
#...##...# §≈≈♣♣.##
#......## ♣♣♣♣...#
##......# ♣.♣....##
...##....# ##.......##
....##...####.........##
##
#........P............##.#
..........................


You could see a tyrant leech.

Vanquished Creatures
  Gastronok (D:10)
  Harold (Lair:3)
  A centaur warrior (D:11)
  Urug (D:10)
  A hill giant (D:11)
  Pikel (D:4)
  Maurice (D:10)
  The ghost of Kilrog the Sneak, a novice KoAs of Dithmenos (D:5)
  A black mamba (Lair:3)
  A rime drake (Lair:3)
  A kobold demonologist (D:11)
  6 komodo dragons
  A queen bee (Lair:1)
  A troll (D:9)
  A two-headed ogre (D:8)
  A hornet (D:11)
  4 hippogriffs
  2 tyrant leeches (Lair:4)
  16 yaks
  2 wyverns
  A basilisk (Lair:2)
  2 hungry ghosts (D:11)
  Menkaure (D:7)
  2 soldier ants (D:8)
  3 wargs (D:9)
  2 nagas (Lair:3)
  3 porcupines
  4 water moccasins
  9 orc warriors
  A black bear (D:9)
  2 necrophages
  An ice beast (D:10)
  3 slaves (D:4)
  A phantom (D:8)
  2 sky beasts
  7 ogres
  5 centaurs
  7 wolves (Lair:3)
  7 crocodiles
  3 big kobolds
  10 bullfrogs
  A gnoll sergeant (D:6)
  A wyvern skeleton (D:10)
  5 scorpions
  A water moccasin skeleton (D:8)
  8 wights
  19 killer bees (Lair:1)
  4 howler monkeys
  4 crimson imps
  A bullfrog zombie (D:10)
  8 hounds
  A bullfrog skeleton (D:4)
  14 orc wizards
  6 orc priests
  A gnoll shaman (D:8)
  3 jellies
  3 iguanas
  Terence (D:3)
  3 worker ants
  A killer bee zombie (D:9)
  A hound zombie (D:6)
  A worker ant zombie (D:6)
  12 gnolls
  A howler monkey zombie (D:11)
  8 adders
  A shadow imp (D:9)
  2 oozes
  2 worms
  A dart slug (D:1)
  4 leopard geckos
  42 orcs
  9 giant cockroaches
  14 goblins
  6 hobgoblins
  4 quokkas
  3 ball pythons
  A ball python skeleton (D:4)
  6 bats
  4 frilled lizards
  21 kobolds
  A leopard gecko skeleton (D:6)
  A quokka skeleton (D:9)
  7 rats
358 creatures vanquished.

Vanquished Creatures (collateral kills)
  2 hydras (Lair:2)
  An unseen horror (D:11)
  A troll (D:11)
  A two-headed ogre (D:11)
  A hippogriff (D:11)
  An iguana (D:11)
  An orc (D:11)
8 creatures vanquished.

Vanquished Creatures (others)
  A human (D:5)
  5 orcs (D:4)
6 creatures vanquished.

Grand Total: 372 creatures vanquished

Notes
Turn   | Place    | Note
-------+----------+-------------------------------------------
     0 | D:1      | HungrySpirit the Minotaur Berserker began the quest for the Orb.
     0 | D:1      | Reached XP level 1. HP: 19/19 MP: 0/0
   200 | D:1      | Reached XP level 2. HP: 27/27 MP: 1/1
   213 | D:1      | Reached skill level 4 in Axes
   666 | D:2      | Reached XP level 3. HP: 33/34 MP: 2/2
   679 | D:2      | Reached ** piety under Trog
  1078 | D:2      | Found a shattered altar of Ashenzari.
  1541 | D:3      | Reached skill level 5 in Axes
  1687 | D:3      | Reached XP level 4. HP: 41/41 MP: 3/3
  1993 | D:3      | Reached skill level 5 in Fighting
  2020 | D:3      | Reached skill level 6 in Axes
  2020 | D:3      | Reached XP level 5. HP: 37/48 MP: 4/4
  2161 | D:3      | Noticed Terence
  2168 | D:3      | Killed Terence
  2187 | D:3      | Found a deep blue altar of Sif Muna.
  2353 | D:4      | Noticed Pikel
  2354 | D:4      | Noticed a slave
  2354 | D:4      | Noticed a slave
  2354 | D:4      | Noticed a slave
  2354 | D:4      | Noticed a slave
  2359 | D:4      | Killed Pikel
  2359 | D:4      | Reached skill level 8 in Axes
  2359 | D:4      | Reached XP level 6. HP: 58/58 MP: 5/5
  2359 | D:4      | Reached XP level 7. HP: 64/64 MP: 6/6
  2845 | D:4      | Found a faded altar of an unknown god.
  2845 | D:4      | Found a faded altar of an unknown god.
  2850 | D:4      | Found a faded altar of an unknown god.
  2853 | D:4      | Found a faded altar of an unknown god.
  2854 | D:4      | Found a radiant altar of Vehumet.
  3128 | D:5      | Entered Level 5 of the Dungeon
  3260 | D:5      | Noticed Kilrog's ghost (novice KoAs)
  3273 | D:5      | Killed Kilrog's ghost
  3273 | D:5      | Reached *** piety under Trog
  3273 | D:5      | Reached skill level 9 in Axes
  3273 | D:5      | Reached XP level 8. HP: 73/73 MP: 7/7
  3483 | D:5      | Reached skill level 10 in Axes
  3710 | D:5      | Found a hide-covered altar of Uskayaw.
  3977 | D:5      | Found a snail-covered altar of Cheibriados.
  4082 | D:5      | Found an ancient bone altar of Kikubaaqudgha.
  4265 | D:6      | Reached skill level 11 in Axes
  4519 | D:6      | Found a burning altar of Makhleb.
  4702 | D:6      | Reached **** piety under Trog
  4708 | D:6      | Reached XP level 9. HP: 67/83 MP: 8/8
  4834 | D:6      | Found a staircase to the Ecumenical Temple.
  4983 | D:7      | Reached skill level 12 in Axes
  5489 | D:7      | Reached skill level 13 in Axes
  5523 | D:7      | Noticed Menkaure
  5529 | D:7      | Killed Menkaure
  5529 | D:7      | Reached skill level 10 in Fighting
  5563 | D:7      | Found a glowing silver altar of Zin.
  5567 | D:7      | Noticed an angel
  5569 | D:7      | Found a shimmering altar of Xom.
  6373 | D:8      | Reached XP level 10. HP: 85/93 MP: 9/9
  6397 | D:8      | Reached skill level 14 in Axes
  6665 | D:9      | Reached ***** piety under Trog
  6678 | D:9      | Found a staircase to the Lair.
  7219 | D:9      | Found a stormy altar of Qazlal.
  7228 | D:9      | Found a blossoming altar of Fedhas.
  7325 | D:9      | Reached skill level 15 in Axes
  7717 | D:10     | Entered Level 10 of the Dungeon
  7869 | D:10     | Noticed Gastronok
  7889 | D:10     | Killed Gastronok
  7889 | D:10     | Reached skill level 16 in Axes
  7889 | D:10     | Reached XP level 11. HP: 103/103 MP: 10/10
  7952 | D:10     | Noticed Maurice
  7987 | D:10     | Killed Maurice
  8013 | D:10     | Found Nuczoy Alogu's Food Shoppe.
  8033 | D:10     | Noticed Urug
  8046 | D:10     | Killed Urug
  8351 | D:10     | Received a gift from Trog
  9017 | D:11     | Noticed a hill giant
  9024 | D:11     | Killed a hill giant
  9024 | D:11     | Reached skill level 17 in Axes
  9464 | D:11     | Noticed a centaur warrior
  9476 | D:11     | Killed a centaur warrior
  9812 | D:11     | Found a staircase to the Orcish Mines.
  9843 | D:11     | Killed an unseen horror
 10781 | Lair:1   | Entered Level 1 of the Lair of Beasts
 10887 | Lair:1   | Reached XP level 12. HP: 73/114 MP: 11/11
 10890 | Lair:1   | Reached skill level 18 in Axes
 11728 | Lair:1   | Received a gift from Trog
 12054 | Lair:2   | Noticed a four-headed hydra
 12063 | Lair:2   | Killed a five-headed hydra
 12197 | Lair:2   | Noticed a five-headed hydra
 12205 | Lair:2   | Killed a five-headed hydra
 13110 | Lair:3   | Reached skill level 19 in Axes
 13212 | Lair:3   | Found a staircase to the Snake Pit.
 13510 | Lair:3   | Noticed Harold
 13527 | Lair:3   | Killed Harold
 13906 | Lair:4   | Found a staircase to the Swamp.
 13925 | Lair:4   | HP: 4/175 [tyrant leech (25)]
 13932 | Lair:4   | Mangled by a tyrant leech

Skill      XL: |  1  2  3  4  5  6  7  8  9 10 11 12 |
---------------+-------------------------------------+-----
Fighting       | 4 5 6 7 9 10 12 13 14 | 14.5
Axes           | 4 5 6 8 9 11 13 16 17 19 | 19.4
Armour         | |  2.4
Dodging        | |  2.1

Action                   |  1- 3 |  4- 6 |  7- 9 | 10-12 || total
-------------------------+-------+-------+-------+-------++-------
Melee: Hand axe          |    98 |       |       |       ||    98
       Headbutt          |     9 |     7 |    48 |   110 ||   174
       War axe           |     6 |    44 |   250 |   341 ||   641
       Battleaxe         |       |       |       |   200 ||   200
Invok: Berserk           |       |     1 |     7 |    17 ||    25
       Brothers in Arms  |       |       |       |     4 ||     4
       Burn Spellbooks   |       |       |       |     1 ||     1
  Use: Scroll            |       |       |       |    30 ||    30
 Stab: Distracted        |       |       |     1 |       ||     1
  Eat: Chunk             |     2 |     2 |    29 |    50 ||    83
Armor: Scale mail        |    37 |    18 |    52 |       ||   107
       Animal skin       |     1 |       |       |       ||     1
       Plate armour      |       |       |    73 |   294 ||   367
Dodge: Dodged            |    64 |    24 |   110 |   159 ||   357
